 Dungeon Crawl Stone Soup version 0.24-a0-445-gd5110b030a (console) character file.

Game seed: 4970805619515852008

21924 Lexodia the Grappler (level 12, -3/91 HPs)
             Began as a Demonspawn Berserker on June 22, 2019.
             Was a High Priest of Trog.
             Slain by a frost giant
             ... wielding a +2 battleaxe of freezing
              (4 damage)
             ... in an ice cave.
             The game lasted 00:31:00 (11081 turns).

Lexodia the Grappler (Demonspawn Berserker)        Turns: 11081, Time: 00:31:01

Health: -3/91      AC: 19    Str: 19    XL:     12   Next: 58%
Magic:  0/12       EV: 23    Int:  9    God:    Trog [*****.]
Gold:   743        SH:  6    Dex: 21    Spells: 11/11 levels left

rFire    . . .     SeeInvis .     - Unarmed
rCold    + . .     Gourm    .   L - +0 buckler
rNeg     . . .     Faith    .   m - +3 ring mail {rF+}
rPois    .         Spirit   +   g - +0 hat
rElec    .         Reflect  .   N - +2 cloak
rCorr    .         Harm     .   (gloves unavailable)
MR       .....                  E - +0 pair of boots
Stlth    +++.......             y - amulet of guardian spirit
HPRegen  0.25/turn              q - +5 ring of protection
MPRegen  0.13/turn              F - ring of ice

@: agile, berserk cooldown, slowed, very slow
A: claws 3, demonic guardian 2, sturdy frame 2
a: Berserk, Trog's Hand, Brothers in Arms, Renounce Religion


You were in an ice cave.
You worshipped Trog.
Trog was extremely pleased with you.
You were not hungry.

You visited 2 branches of the dungeon, and saw 12 of its levels.
You also visited: Ice Cave and Volcano.

You collected 743 gold pieces.

Inventory:

Hand Weapons
 a - a +1 spear
Armour
 g - a +0 hat (worn)
 m - a +3 ring mail of fire resistance (worn)
 E - a +0 pair of boots (worn)
 L - a +0 buckler (worn)
 N - a +2 cloak (worn)
Jewellery
 q - a +5 ring of protection (left claw)
 x - an uncursed ring of flight
 y - an amulet of guardian spirit (around neck)
 B - an uncursed ring of protection from fire
 F - a ring of ice (right claw)
 I - an uncursed ring of teleportation
Wands
 A - a wand of flame (22)
 C - a wand of digging (6)
 D - a wand of acid (17)
 J - a wand of disintegration (16)
Scrolls
 h - a scroll of summoning
 i - 6 scrolls of remove curse
 r - 2 scrolls of teleportation
 t - 3 scrolls of amnesia
 u - a scroll of noise {unknown}
 v - a scroll of fear
 G - a scroll of magic mapping
 K - 2 scrolls of blinking {unknown}
 P - a scroll of enchant weapon
Potions
 b - a potion of agility
 d - 2 potions of lignification
 e - 2 potions of magic
 j - 3 potions of berserk rage {unknown}
 k - 4 potions of curing
 l - a potion of invisibility {unknown}
 n - 2 potions of ambrosia {unknown}
 o - a potion of haste {unknown}
 p - a potion of flight {unknown}
 s - 2 potions of mutation {unknown}
 w - 3 potions of brilliance {unknown}
 M - a potion of might {unknown}
Comestibles
 c - 21 rations


   Skills:
 + Level 7.5 Fighting
 - Level 3.2 Polearms
 + Level 7.0 Armour
 + Level 7.0 Dodging
 + Level 5.2 Shields
 * Level 14.2 Unarmed Combat


You had 11 spell levels left.
You didn't know any spells.
Your spell library was empty.

Dungeon Overview and Level Annotations

Branches:
Dungeon (11/15)            Temple (0/1) D:5            Lair (1/6) D:11
    Orc (0/2) D:10

Altars:
Cheibriados
Elyvilon
Fedhas
Okawaru
Ru
Trog
Uskayaw
Vehumet
Wu Jian
Xom
Yredelemnul
Zin
The Shining One

Shops:
D:9 *   D:11 =[*


Innate Abilities, Weirdness & Mutations

You have claws for hands.
A demonic guardian rushes to your aid.
Your movements are less encumbered by armour. (ER -4)


Message History

The bolt of acid hits the yak!
The yak is splashed with acid.
The acid corrodes the yak!
The yak is moderately wounded.
The bolt of acid hits the polar bear!
The polar bear is splashed with acid.
The acid corrodes the polar bear!
The polar bear is moderately wounded.
The frost giant hits you but does no damage.
Evoke which item? (* to show all) (? for menu, Esc to quit)
That's the wrong kind of item! (Use * to select it.) Evoke which item? (* to show all) (? for menu, Esc to quit)
Huh?
Evoke which item? (* to show all) (? for menu, Esc to quit)
Huh?
Evoke which item? (* to show all) (? for menu, Esc to quit)
Okay, then.
You drop a scroll of teleportation.
The frost giant hits you with a +2 battleaxe of freezing!!
* * * LOW HITPOINT WARNING * * *
The frost giant freezes you.
You die...

≈≈≈≈≈≈≈≈ #≈≈#≈≈ ##
#####≈≈≈ ##..
###...##≈≈ ....#
##..##..≈#≈ .....#
#..#####.≈≈ #...Y#
########..#..####
#Yhh##4○☼##≈..#..#.###
#YC@##..°########.#.
########## ##.# ###


You could see a frost giant, 2 polar bears, 3 yaks and a friendly orange demon.

Vanquished Creatures
  Josephine (D:11)
  Erica (D:10)
  Erolcha (D:10)
  3 death yaks (IceCv)
  The ghost of alpinistek the Protected, a novice DsFE (D:9)
  A sun demon (Volcano)
  An unseen horror (D:11)
  A cyclops (D:11)
  Maurice (D:11)
  Joseph (D:8)
  An ice statue (IceCv)
  A gargoyle (D:11)
  A rime drake (IceCv)
  3 trolls
  A red devil (Volcano)
  6 polar bears (IceCv)
  A hornet (D:8)
  5 hippogriffs
  A human (D:8)
  2 hogs (D:8)
  4 fire bats (Volcano)
  4 wraiths (D:11)
  15 yaks
  A warg (D:10)
  A water moccasin (D:9)
  An orc warrior (D:9)
  A phantom (D:11)
  3 sky beasts
  A hornet zombie (D:9)
  4 ice beasts
  2 necrophages
  5 ogres
  5 centaurs
  14 wolves (IceCv)
  2 crocodiles
  4 bullfrogs
  A wyvern zombie (D:11)
  4 scorpions
  4 wights (D:8)
  2 howler monkeys
  4 lava snakes (Volcano)
  5 crimson imps
  A bullfrog zombie (D:4)
  A centaur zombie (D:11)
  2 orc priests (D:10)
  3 hounds
  2 jellies
  2 bullfrog skeletons
  14 orc wizards
  4 centaur skeletons
  3 iguanas
  3 worker ants
  A worker ant zombie (D:9)
  12 adders
  A howler monkey skeleton (D:10)
  5 shadow imps
  12 white imps (Lair:1)
  An ooze (D:3)
  An adder zombie (D:6)
  4 worms
  A dart slug (D:2)
  6 leopard geckos
  20 orcs
  5 bats
  2 giant cockroaches (D:2)
  14 goblins
  5 hobgoblins
  4 jackals
  3 kobolds
  4 quokkas
  4 frilled lizards
  A jackal skeleton (D:4)
  A leopard gecko skeleton (D:4)
  A quokka zombie (D:5)
  8 rats
272 creatures vanquished.

Vanquished Creatures (collateral kills)
  A hell knight (Volcano)
  An obsidian statue (Volcano)
  A centaur zombie (D:11)
  A gargoyle (D:11)
  A kobold demonologist (D:9)
  A red devil (Volcano)
  4 polar bears (IceCv)
  3 fire bats (Volcano)
  2 hogs (D:8)
  6 yaks
  A warg (D:10)
  A wolf (IceCv)
  A jelly (D:11)
  A lava snake (Volcano)
  An orc priest (D:10)
  A centaur skeleton (D:4)
  2 orc wizards
  2 worker ants (D:5)
  6 orcs
  A frilled lizard (D:4)
38 creatures vanquished.

Vanquished Creatures (others)
  2 wolves (IceCv)
2 creatures vanquished.

Grand Total: 312 creatures vanquished

Notes
Turn   | Place    | Note
-------+----------+-------------------------------------------
     0 | D:1      | Lexodia the Demonspawn Berserker began the quest for the
                  | Orb.
     0 | D:1      | Reached XP level 1. HP: 18/18 MP: 1/1
    61 | D:1      | Huge Dmg: 3 dmg
    62 | D:1      | Huge Dmg: 2 dmg
    63 | D:1      | Huge Dmg: 4 dmg
   373 | D:1      | Gained mutation: You have sharp fingernails. [demonic
                  | ancestry]
   373 | D:1      | Reached XP level 2. HP: 23/24 MP: 2/2
   492 | D:1      | Huge Dmg: 6 dmg
   501 | D:1      | Huge Dmg: 4 dmg
   504 | D:1      | Reached skill level 1 in Unarmed Combat
   505 | D:1      | Huge Dmg: 1 dmg
   863 | D:1      | Huge Dmg: 7 dmg
  1187 | D:2      | Huge Dmg: 5 dmg
  1187 | D:2      | Gained mutation: A weak demonic guardian rushes to your
                  | aid. [demonic ancestry]
  1187 | D:2      | Reached XP level 3. HP: 19/29 MP: 3/3
  1193 | D:2      | Found a sacrificial altar of Ru.
  1224 | D:2      | Reached skill level 2 in Unarmed Combat
  1435 | D:2      | Reached ** piety under Trog
  1549 | D:2      | Found a bloodstained altar of Trog.
  1795 | D:2      | Found an iron altar of Okawaru.
  1980 | D:3      | Found a white marble altar of Elyvilon.
  2023 | D:3      | Reached XP level 4. HP: 35/35 MP: 4/4
  2306 | D:3      | Noticed a sky beast
  2315 | D:3      | Reached skill level 3 in Unarmed Combat
  2324 | D:3      | Killed a sky beast
  2324 | D:3      | Gained mutation: Your movements are slightly less
                  | encumbered by armour. (ER -2) [demonic ancestry]
  2324 | D:3      | Reached XP level 5. HP: 41/41 MP: 5/5
  2327 | D:3      | Huge Dmg: 14 dmg
  2546 | D:3      | Found a glowing golden altar of the Shining One.
  2548 | D:3      | Found a radiant altar of Vehumet.
  2864 | D:4      | Found a blossoming altar of Fedhas.
  2865 | D:4      | Found a sacrificial altar of Ru.
  2876 | D:4      | Reached skill level 4 in Unarmed Combat
  2944 | D:4      | Gained mutation: Your movements are less encumbered by
                  | armour. (ER -4) [demonic ancestry]
  2944 | D:4      | Reached XP level 6. HP: 47/47 MP: 6/6
  3025 | D:4      | Huge Dmg: 8 dmg
  3033 | D:4      | Huge Dmg: 9 dmg
  3372 | D:5      | Entered Level 5 of the Dungeon
  3471 | D:5      | Huge Dmg: 30 dmg
  3477 | D:5      | Huge Dmg: 6 dmg
  3634 | D:5      | Reached skill level 5 in Unarmed Combat
  3643 | D:5      | Found a staircase to the Ecumenical Temple.
  3680 | D:5      | Found a sacrificial altar of Ru.
  3701 | D:5      | Gained mutation: You have very sharp fingernails. [demonic
                  | ancestry]
  3701 | D:5      | Reached XP level 7. HP: 39/52 MP: 7/7
  3923 | D:5      | Huge Dmg: 12 dmg
  3936 | D:5      | Huge Dmg: 7 dmg
  3940 | D:5      | Huge Dmg: 8 dmg
  3942 | D:5      | Reached skill level 6 in Unarmed Combat
  4121 | D:6      | Found a hide-covered altar of Uskayaw.
  4121 | D:6      | Noticed a +0 dagger
  4121 | D:6      | Noticed a +0 dagger
  4208 | D:6      | Reached *** piety under Trog
  4234 | D:6      | Huge Dmg: 25 dmg
  4376 | D:6      | Reached skill level 7 in Unarmed Combat
  4451 | D:6      | Gained mutation: You have claws for hands. [demonic
                  | ancestry]
  4451 | D:6      | Reached XP level 8. HP: 55/58 MP: 8/8
  4797 | D:6      | Found a basalt altar of Yredelemnul.
  4836 | D:7      | You fall into a shaft and drop 1 floor!
  4961 | D:8      | Huge Dmg: 25 dmg
  4969 | D:8      | Huge Dmg: 13 dmg
  4970 | D:8      | Huge Dmg: 8 dmg
  4974 | D:8      | Reached skill level 8 in Unarmed Combat
  4979 | D:8      | Huge Dmg: 7 dmg
  4983 | D:8      | Reached skill level 9 in Unarmed Combat
  4985 | D:8      | Huge Dmg: 5 dmg
  5083 | D:8      | Noticed Joseph
  5096 | D:8      | Noticed a hippogriff
  5100 | D:8      | Huge Dmg: 11 dmg
  5102 | D:8      | Killed Joseph
  5102 | D:8      | Reached skill level 10 in Unarmed Combat
  5102 | D:8      | Reached XP level 9. HP: 26/63 MP: 3/9
  5114 | D:8      | Huge Dmg: 7 dmg
  5367 | D:8      | Huge Dmg: 30 dmg
  5534 | D:8      | Huge Dmg: 29 dmg
  5558 | D:8      | Huge Dmg: 12 dmg
  5561 | D:8      | Huge Dmg: 11 dmg
  5563 | D:8      | Reached **** piety under Trog
  5563 | D:8      | Reached skill level 11 in Unarmed Combat
  5571 | D:8      | Huge Dmg: 4 dmg
  5576 | D:8      | Huge Dmg: 3 dmg
  5589 | D:8      | Huge Dmg: 3 dmg
  5594 | D:8      | HP: 3/63 [poisoned by a hornet]
  5599 | D:8      | Huge Dmg: 1 dmg
  5996 | D:8      | Huge Dmg: 12 dmg
  6033 | D:8      | Found an ornate altar of the Wu Jian Council.
  6291 | D:9      | Found a glowing silver altar of Zin.
  6292 | D:9      | Found Zin's Purification Station.
  6523 | D:9      | Got a faintly humming chain mail
  6538 | D:9      | Identified the +0 chain mail of a sewer {-Tele +Inv rF+
                  | Str-2 Dex+7} (You found it on level 9 of the Dungeon)
  6568 | D:9      | Noticed a troll
  6576 | D:9      | Killed a troll
  6576 | D:9      | Gained mutation: A demonic guardian rushes to your aid.
                  | [demonic ancestry]
  6576 | D:9      | Reached XP level 10. HP: 68/71 MP: 8/10
  6774 | D:9      | Found a shimmering altar of Xom.
  6954 | D:9      | Found a runed translucent door.
  6955 | D:9      | Noticed alpinistek's ghost (novice DsFE)
  7089 | D:9      | Killed alpinistek's ghost
  7089 | D:9      | Reached skill level 12 in Unarmed Combat
  7095 | D:9      | Huge Dmg: 36 dmg
  7148 | D:10     | Entered Level 10 of the Dungeon
  7148 | D:10     | Noticed Erolcha
  7152 | D:10     | Killed Erolcha
  7158 | D:10     | Huge Dmg: 36 dmg
  7163 | D:11     | Noticed a cyclops
  7164 | D:11     | Noticed Maurice
  7214 | D:11     | Noticed a gargoyle
  7217 | D:10     | Huge Dmg: 33 dmg
  7218 | D:10     | Huge Dmg: 15 dmg
  7358 | D:10     | Reached skill level 5 in Fighting
  7731 | D:10     | Noticed Erica
  7738 | D:10     | Reached skill level 5 in Dodging
  7746 | D:10     | Reached skill level 5 in Armour
  7754 | D:10     | Killed Erica
  7759 | D:10     | Huge Dmg: 23 dmg
  7765 | D:10     | Huge Dmg: 15 dmg
  7768 | D:10     | Found a staircase to the Orcish Mines.
  8045 | D:11     | Received a gift from Trog
  8049 | D:11     | Reached XP level 11. HP: 53/79 MP: 6/11
  8065 | D:11     | Found Cheibriados's Comfort Zone.
  8065 | D:11     | Found a snail-covered altar of Cheibriados.
  8074 | D:11     | Huge Dmg: 20 dmg
  8076 | D:11     | Killed Maurice
  8086 | D:11     | Huge Dmg: 16 dmg
  8089 | D:11     | Huge Dmg: 17 dmg
  8460 | D:11     | Noticed Josephine
  8474 | D:11     | Killed Josephine
  8474 | D:11     | Reached skill level 13 in Unarmed Combat
  8479 | D:11     | Huge Dmg: 38 dmg
  8512 | D:11     | Huge Dmg: 16 dmg
  8587 | D:11     | Reached ***** piety under Trog
  8592 | D:11     | Huge Dmg: 27 dmg
  8598 | D:11     | Huge Dmg: 11 dmg
  8623 | D:11     | Found Ereu's Assorted Antiques.
  9299 | D:11     | Found Daogo's Jewellery Boutique.
  9315 | D:11     | Reached skill level 1 in Shields
  9326 | D:11     | Huge Dmg: 27 dmg
  9337 | D:11     | Killed an unseen horror
  9447 | D:11     | Found a staircase to the Lair.
  9456 | Lair:1   | Entered Level 1 of the Lair of Beasts
  9501 | Lair:1   | Found a dark tunnel.
  9509 | Volcano  | Entered a volcano
  9770 | Volcano  | Noticed an obsidian statue
  9778 | Volcano  | Killed an obsidian statue
  9779 | Volcano  | Noticed a sun demon
  9788 | Volcano  | Killed a sun demon
  9791 | Volcano  | Found a radiant altar of Vehumet.
  9791 | Volcano  | Noticed a hell knight
  9793 | Volcano  | Huge Dmg: 30 dmg
  9796 | Volcano  | Killed a hell knight
  9796 | Volcano  | Received a gift from Trog
  9796 | Volcano  | Reached XP level 12. HP: 62/88 MP: 10/12
  9979 | Lair:1   | Found a frozen archway.
 10003 | Lair:1   | Huge Dmg: 43 dmg
 10004 | IceCv    | Entered an ice cave
 10067 | IceCv    | Huge Dmg: 44 dmg
 10114 | IceCv    | Huge Dmg: 13 dmg
 10115 | IceCv    | Huge Dmg: 8 dmg
 10116 | IceCv    | Huge Dmg: 8 dmg
 10131 | IceCv    | Huge Dmg: 5 dmg
 10131 | IceCv    | HP: 2/88 [something (10)]
 10132 | IceCv    | Huge Dmg: 9 dmg
 10137 | IceCv    | Huge Dmg: 15 dmg
 10139 | IceCv    | Huge Dmg: 9 dmg
 10508 | IceCv    | Noticed a death yak
 10517 | IceCv    | Killed a death yak
 10526 | IceCv    | Huge Dmg: 36 dmg
 10594 | IceCv    | Huge Dmg: 43 dmg
 10601 | IceCv    | Reached skill level 14 in Unarmed Combat
 10665 | IceCv    | Reached skill level 5 in Shields
 11040 | IceCv    | Noticed a frost giant
 11040 | IceCv    | Noticed a death yak
 11040 | IceCv    | Noticed a death yak
 11055 | IceCv    | Huge Dmg: 16 dmg
 11057 | IceCv    | Killed a death yak
 11060 | IceCv    | Killed a death yak
 11065 | IceCv    | Huge Dmg: 12 dmg
 11075 | IceCv    | Huge Dmg: 13 dmg
 11076 | IceCv    | Huge Dmg: 8 dmg
 11079 | IceCv    | Huge Dmg: 10 dmg
 11081 | IceCv    | HP: 1/91 [frost giant/+2 battleaxe of freezing (26)]
 11081 | IceCv    | Slain by a frost giant

Levels and vault maps discovered:
D:1:      psy_arrival_terrarium, layout_basic, minmay_misc_feat_tower
D:2:      layout_loops_ring, nicolae_overflow_crystal_walls,
          nicolae_overflow_hidden_temple, hangedman_ru_absence
D:3:      layout_basic, lemuel_round_altar, minitemple, solitary_fountain,
          kennysheep_generic_room_14
D:4:      layout_rooms, gammafunk_temple_overflow_statue, first_ration,
          minmay_fractal_squares_5
D:5:      layout_basic, minmay_temple_entry_large_hall, basic_altar,
          minmay_strange_pillars
D:6:      layout_loops_corners, lemuel_round_altar, dancing_weapons_uskayaw
D:7:      layout_loops_corners, marbit_many_paths, uniq_duvessa,
          uniq_crazy_yiuf_cottage
D:8:      layout_loops_ring, kennysheep_mini_moat, enter_ossuary_5,
          grunt_livestock, uniq_joseph
D:9:      cheibrodos_barr_body, layout_irregular_city, zin_purify,
          lemuel_crystal_altar, ebering_ghost_inner_flame, nrook_campfire
D:10:     layout_small_grid, erik_orc_4, kennysheep_generic_room_4, uniq_erica,
          uniq_erolcha
D:11:     layout_basic, lair_entry_dummy, serial_shops, nicolae_shop_trees,
          nicolae_shop_behind_doors, corexii_hall_statues_u, minmay_shop_chei,
          uniq_maurice, uniq_josephine
Lair:1:   layout_misc_corridors, lightli_volcano_entry_magma_tube,
          portal_ice_cave_entry_imps
IceCv:    ice_cave_caverns_03

Skill      XL: |  1  2  3  4  5  6  7  8  9 10 11 12 |
---------------+-------------------------------------+-----
Polearms       | 3 |  3.2
Unarmed Combat | 1 2 3 4 5 7 10 11 12 13 14 | 14.2
Armour         | 2 3 5 6 7 |  7.0
Dodging        | 2 3 5 6 7 |  7.0
Fighting       | 5 6 7 |  7.5
Shields        | 4 5 |  5.2

Action                   |  1- 3 |  4- 6 |  7- 9 | 10-12 || total
-------------------------+-------+-------+-------+-------++-------
Melee: Spear             |   157 |   135 |       |       ||   292
       Punch             |       |     2 |    10 |    11 ||    23
       Unarmed           |       |     9 |   249 |   456 ||   714
Invok: Berserk           |       |     3 |     5 |    15 ||    23
       Brothers in Arms  |       |       |       |     5 ||     5
       Trog's Hand       |       |       |       |     1 ||     1
Evoke: Wand              |       |       |       |     1 ||     1
  Use: Scroll            |       |       |    10 |     7 ||    17
       Potion            |       |       |     1 |     4 ||     5
 Stab: Sleeping          |     4 |       |       |       ||     4
       Distracted        |       |       |       |     1 ||     1
  Eat: Chunk             |     3 |     7 |    13 |    25 ||    48
       Ration            |       |       |     1 |     2 ||     3
Armor: Animal skin       |    18 |       |       |       ||    18
       Scale mail        |     1 |    71 |   101 |       ||   173
       Ring mail         |       |       |     1 |   171 ||   172
Dodge: Dodged            |    50 |    70 |   125 |   257 ||   502
Block: Buckler           |       |       |       |    46 ||    46

Table legend:
 A = Non-vault XP
 B = Vault XP
 C = Vault XP percentage of total XP
 D = Non-vault monster count
 E = Vault monster count
 F = Vault count percentage of total count
                 A         B        C        D         E       F
            +---------+---------+-------+---------+---------+-------
      Total |   11570 |   19750 |  63.1 |     194 |     116 |  37.4
            +---------+---------+-------+---------+---------+-------
        D:1 |      39 |       0 |   0.0 |      22 |       0 |   0.0
        D:2 |      49 |       0 |   0.0 |      18 |       0 |   0.0
        D:3 |      27 |     163 |  85.8 |       8 |       2 |  20.0
        D:4 |     168 |      47 |  21.9 |       9 |       3 |  25.0
        D:5 |     468 |       0 |   0.0 |      13 |       0 |   0.0
        D:6 |     664 |       0 |   0.0 |      20 |       0 |   0.0
        D:8 |    1311 |    1270 |  49.2 |      24 |       6 |  20.0
        D:9 |    1537 |    1388 |  47.5 |      20 |       9 |  31.0
       D:10 |    1386 |    2276 |  62.2 |      20 |      21 |  51.2
       D:11 |    5614 |    2203 |  28.2 |      38 |       6 |  13.6
     Lair:1 |     307 |     121 |  28.3 |       2 |      12 |  85.7
      IceCv |       0 |    8991 | 100.0 |       0 |      40 | 100.0
    Volcano |       0 |    3291 | 100.0 |       0 |      17 | 100.0
            +---------+---------+-------+---------+---------+-------
